 Dungeon Crawl Stone Soup version 0.30-a0-709-gcdc1b43e22 (webtiles) character file.

Game seed: 10692108928191051833

5204 Oxelix the Arsonist (level 10, -4/55 HPs)
             Began as a Deep Elf Fire Elementalist on Jan 22, 2023.
             Was a Follower of Ashenzari.
             Slain by a wight
             ... wielding a +5 mace
              (9 damage)
             ... on level 9 of the Dungeon.
             The game lasted 00:16:46 (9132 turns).

Oxelix the Arsonist (Deep Elf Fire Elementalist)    Turns: 9132, Time: 00:16:46

Health: -4/55      AC: 11    Str:  5    XL:     10   Next: 35%
Magic:  17/28      EV: 10    Int: 28    God:    Ashenzari [*.....]
Gold:   372        SH:  3    Dex: 15    Spells: 26/33 levels left

rFire   . . .      SeeInvis .    L - +2 whip (venom)
rCold   . . .      Faith    .    Q - +0 buckler
rNeg    . . .      Spirit   .    I - +0 acid dragon scales
rPois   +          Reflect  .    w - +0 helmet {Int+3}
rElec   .          Harm     .    O - +0 cloak of Ashenzari's Disgust {Self, Evo} (curse)
rCorr   +          Rampage  .    (no gloves)
Will    +....                    l - +2 pair of boots
Stlth   ++                       t - amulet of the acrobat
HPRegen 0.29/turn                G - ring "Share My Irritation" {rPois, Alch, Range} (curse)
MPRegen 0.21/turn                (no ring)

@: slowed, very slow
A: no striking features
a: Renounce Religion, Shatter the Chains


You were on level 9 of the Dungeon.
You worshipped Ashenzari.
Ashenzari was aware of your devotion.
You visited 2 branches of the dungeon, and saw 10 of its levels.

You collected 372 gold pieces.

Inventory:

Hand Weapons
 E - a +1 whip of electrocution
 L - a +2 whip of venom (weapon)
Missiles
 h - 11 poisoned darts
 i - 6 silver boomerangs
 C - 5 boomerangs
 M - 4 javelins
Armour
 a - a +0 robe
 l - a +2 pair of boots (worn)
 w - a +0 helmet of intelligence (worn)
 I - +0 acid dragon scales (worn)
 O - the cursed +0 cloak of Ashenzari's Disgust (worn) {Self, Evo}
   (You found it on level 8 of the Dungeon)

   It has a curse which improves the following skills: Introspection: Fighting
   and Spellcasting.
   Evocations: Evocations.
 Q - a +0 buckler (worn)
Jewellery
 t - an amulet of the acrobat (around neck)
 F - an amulet of faith
 G - the cursed ring "Share My Irritation" (left hand) {rPois, Alch, Range}
   (You found it on level 5 of the Dungeon)

   [ring of poison resistance]

   rPois:     It protects you from poison.
   It has a curse which improves the following skills: Alchemy: Poison Magic and
   Transmutations.
   Ranged Combat: Ranged Weapons and Throwing.
 J - an amulet of guardian spirit
Wands
 y - a wand of flame (25)
 H - a wand of charming (35)
 K - a wand of quicksilver (2)
Scrolls
 d - 3 scrolls of blinking
 e - 2 scrolls of amnesia
 g - 9 scrolls of identify
 m - 2 scrolls of poison
 q - 5 scrolls of teleportation
 r - 3 scrolls of enchant armour
 s - 2 scrolls of enchant weapon
 x - 2 scrolls of silence
 z - a scroll of vulnerability
 N - 2 scrolls of fear
 P - a scroll of magic mapping
Potions
 b - 2 potions of magic
 c - 6 potions of curing
 f - a potion of invisibility
 j - a potion of attraction
 k - 4 potions of brilliance
 n - 5 potions of might
 o - a potion of ambrosia
 p - 2 potions of lignification
 u - a potion of degeneration
 v - 3 potions of haste
 A - a potion of berserk rage
 B - a potion of heal wounds
 D - a potion of resistance


   Skills:
 + Level 2.1(2.8) Fighting
 - Level 2.4 Dodging
 - Level 2.4 Stealth
 * Level 11.3(12.1) Spellcasting
 - Level 8.0 Conjurations
 - Level 11.7 Fire Magic


You had 26 spell levels left.
You knew the following spells:

 Your Spells              Type           Power      Damage    Failure   Level
a - Foxfire               Conj/Fire      100%       2x1d9     1%          1
b - Scorch                Fire           100%       2d10      1%          2
c - Flame Wave            Conj/Fire      64%        2d15      1%          4

Your spell library contained the following spells:

 Spells                   Type           Power      Damage    Failure   Level
 Inner Flame              Hex/Fire       49%        N/A       2%          3
 Kindle Blastsparks       Fire/Tloc/Air  76%        2d16      6%          3
 Ensorcelled Hibernation  Hex/Ice        34%        N/A       16%         2
 Lesser Beckoning         Tloc           34%        N/A       16%         2
 Spider Form              Tmut/Pois      17%        N/A       28%         3
 Gell's Gravitas          Tloc           17%        N/A       30%         3
 Portal Projectile        Hex/Tloc       34%        N/A       30%         3
 Teleport Other           Tloc           17%        N/A       30%         3
 Tukima's Dance           Hex            17%        N/A       30%         3
 Anguish                  Hex/Necr       8%         N/A       69%         4
 Blade Hands              Tmut           8%         N/A       95%         5
 Dispersal                Tloc           8%         N/A       100%        6


Dungeon Overview and Level Annotations

Branches:
Dungeon (9/15)             Temple (1/1) D:6            Lair (0/5) D:8
    Orc: D:9-12

Altars:
Ashenzari
Cheibriados
Dithmenos
Elyvilon
Gozag
Hepliaklqana
Kikubaaqudgha
Makhleb
Nemelex Xobeh
Okawaru
Qazlal
Ru
Sif Muna
Trog
Uskayaw
Wu Jian
Xom
Yredelemnul
Zin
The Shining One

Shops:
D:4 (   D:6 *   D:7 [

Annotations:
D:2 1 runed translucent door, Crazy Yiuf
D:5 1 runed translucent door, CakeIsGreat's ghost, novice GrFi


Message History

Casting: Flame Wave (dangerous; 1% risk of failure)
Press: ? - help, Dir - look around, f - activate A wave of flame ripples out!
The flame wave engulfs the wraith!!
You destroy the wraith!
The flame wave engulfs the water moccasin!!
The water moccasin is severely wounded. (Press . to intensify the flame waves.)
You feel very sick.
You hear a shout! x7
The water moccasin bites you but does no damage. x2
A kobold comes into view. It is wielding a +0 short sword.
Your Fighting skill increases to level 2!
A wave of flame ripples out!
The flame wave engulfs the water moccasin!!
You kill the water moccasin!
You feel sick.
The kobold throws a stone.
The stone hits you but does no damage.
A kobold comes into view.
It is wielding a +0 short sword and quivering poisoned darts.
You feel sick.
You feel sick.
You feel sick.
You are no longer poisoned.
A wight comes into view. It is wielding a +5 mace.
An orc priest comes into view. It is wielding a +0 flail.
Your magical contamination has completely faded away.
The kobold throws a stone.
You block the stone.
The kobold throws a stone.
The stone barely misses you.
The kobold throws a stone.
The stone misses you.
The kobold throws a stone.
The stone misses you.
A wight comes into view. It is wielding a +0 dagger.
The kobold throws a stone.
The stone barely misses you.
The kobold throws a poisoned dart.
The poisoned dart misses you.
There is a stone staircase leading down here.
The kobold throws a poisoned dart.
The poisoned dart barely misses you. The wight completely misses you.
There is a stone staircase leading up here.
The wight hits you with a +5 mace.
* * * LOW HITPOINT WARNING * * *
The wight hits you with a +5 mace!
You die...

########## #....##..#
#....##..# #....##@.# ..
#####....##>z########...
#....)..................
#...........K.....z....
############.K.......#
#......z..# ###
#.........# #...
#####.........###..#
..............#.....


You could see 2 wights and 2 kobolds.

Vanquished Creatures
  Pikel (D:8)
  Maggie (D:6)
  A komodo dragon (D:8)
  Grinder (D:4)
  Sigmund (D:3)
  3 wyverns
  A wraith (D:9)
  3 basilisks (D:8)
  Menkaure (D:5)
  A swamp drake (D:8)
  2 water moccasins
  4 ice beasts
  2 sky beasts (D:7)
  3 centaurs
  3 lemures (D:7)
  A phantom (D:6)
  2 scorpions
  4 bullfrogs
  A gnoll sergeant (D:7)
  7 wights (D:8)
  4 howler monkeys (D:8)
  A hound (D:6)
  4 jellies
  3 orc priests
  6 orc wizards
  Robin (D:3)
  8 gnolls
  6 adders
  2 white imps
  3 ufetubi
  A worm (D:2)
  A dart slug (D:2)
  17 orcs
  10 endoplasms
  10 goblins
  14 hobgoblins
  2 quokkas
  6 ball pythons
  10 bats
  6 frilled lizards
  2 kobolds (D:1)
  2 rats
162 creatures vanquished.

Vanquished Creatures (others)
  678 foxfires
678 creatures vanquished.

Grand Total: 840 creatures vanquished

Notes
Turn   | Place    | Note
-------+----------+-------------------------------------------
     0 | D:1      | Oxelix the Deep Elf Fire Elementalist began the quest for
                  | the Orb.
     0 | D:1      | Reached XP level 1. HP: 10/10 MP: 6/6
   188 | D:1      | Reached XP level 2. HP: 15/15 MP: 4/8
  1300 | D:2      | Reached XP level 3. HP: 15/19 MP: 6/10
  1737 | D:2      | Learned a level 2 spell: Scorch
  1951 | D:2      | Found a runed translucent door.
  1952 | D:2      | Noticed Crazy Yiuf
  2191 | D:3      | Noticed Sigmund
  2318 | D:3      | Reached XP level 4. HP: 24/24 MP: 6/11
  2474 | D:3      | Found a faded altar of an unknown god.
  2486 | D:3      | Noticed a scorpion
  2491 | D:3      | Killed a scorpion
  2645 | D:3      | Reached skill level 5 in Fire Magic
  2645 | D:3      | Reached XP level 5. HP: 28/28 MP: 9/13
  3174 | D:3      | Noticed Robin
  3234 | D:3      | Killed Sigmund
  3235 | D:3      | Reached skill level 5 in Spellcasting
  3235 | D:3      | Reached XP level 6. HP: 25/32 MP: 3/15
  3240 | D:3      | Killed Robin
  3484 | D:4      | Found Felaor's Antique Weapon Shop.
  3788 | D:4      | Noticed Grinder
  3794 | D:4      | Killed Grinder
  3795 | D:4      | Reached XP level 7. HP: 36/36 MP: 4/17
  4058 | D:5      | Entered Level 5 of the Dungeon
  4458 | D:5      | Found a runed translucent door.
  4499 | D:5      | Noticed CakeIsGreat's ghost (novice GrFi)
  4547 | D:5      | Noticed Menkaure
  4552 | D:5      | Killed Menkaure
  4862 | D:6      | Found Mugub's Evil Emporium.
  4915 | D:6      | Noticed Maggie
  4927 | D:6      | Killed Maggie
  4928 | D:6      | Reached skill level 5 in Conjurations
  4928 | D:6      | Reached XP level 8. HP: 2/41 MP: 4/20
  5350 | D:6      | Found a white marble altar of Elyvilon.
  5588 | D:6      | Found a staircase to the Ecumenical Temple.
  5635 | Temple   | Entered the Ecumenical Temple
  5863 | Temple   | Became a worshipper of Ashenzari the Shackled
  6428 | D:7      | Reached XP level 9. HP: 45/45 MP: 16/23
  6474 | D:7      | Reached skill level 10 in Fire Magic
  6695 | D:7      | Found Fackyam's Antique Armour Emporium.
  7527 | D:8      | Learned a level 4 spell: Flame Wave
  8085 | D:8      | Found a sparkling altar of Nemelex Xobeh.
  8412 | D:8      | Noticed Pikel
  8423 | D:8      | Killed Pikel
  8424 | D:8      | Reached skill level 10 in Spellcasting
  8424 | D:8      | Reached XP level 10. HP: 28/50 MP: 12/26
  8698 | D:8      | Reached skill level 1 in Fighting
  8811 | D:8      | Found a staircase to the Lair.
  8821 | D:8      | Reached * piety under Ashenzari
  9132 | D:9      | Slain by a wight

Illustrated notes

Levels and vault maps discovered:
D:1:      evilmike_arrival_fibonacci_small, layout_basic,
          kennysheep_another_room
D:2:      layout_rooms, st_stairs_3, uniq_crazy_yiuf_cottage
D:3:      layout_basic, shapermc_ecumenical_altar_ellora, uniq_sigmund,
          uniq_robin
D:4:      layout_basic, serial_shops, nicolae_stop_n_shop_2, grunt_ministairs_2,
          uniq_grinder
D:5:      layout_basic, ebering_ghost_reflecting_pool, saegor_snake_ambush,
          uniq_menkaure
D:6:      layout_cave_pools, nicolae_overflow_crystal_walls,
          minmay_temple_entry_hall, chequers_serial_rivers_micro_e,
          nicolae_evil_shop, uniq_maggie
D:7:      layout_gridville, kennysheep_windowed_goal
D:8:      layout_rooms, marbit_many_paths, erik_lair_dragon, uniq_pikel
D:9:      layout_small_grid, vehumet_altar_wand_db,
          mainiacjoe_overflow_brackets, minivault_25,
          hangedman_abyss_or_decor_stagger, st_stairs_3
Temple:   nicolae_temple_bog_church

Skill      XL: |  1  2  3  4  5  6  7  8  9 10 |
---------------+-------------------------------+-----
Fire Magic     | 4 5 6 8 9 11 | 11.7
Conjurations   | 2 3 4 5 6 8 |  8.0
Spellcasting   | 4 5 7 8 10 11 | 11.3
Fighting       | 2 |  2.1
Dodging        | |  2.4
Stealth        | |  2.4

Action                     |  1- 3 |  4- 6 |  7- 9 | 10-12 || total
---------------------------+-------+-------+-------+-------++-------
  Melee: Unarmed           |     2 |       |     1 |       ||     3
         Whip              |       |       |     4 |       ||     4
   Cast: Foxfire           |   120 |    61 |   199 |    26 ||   406
         Scorch            |       |    10 |    75 |    13 ||    98
         Flame Wave        |       |       |       |     1 ||     1
 Invoke: Curse Item        |       |       |     1 |     1 ||     2
 Armour: Robe              |     5 |     7 |     3 |       ||    15
         Acid dragon scale |       |       |    17 |     6 ||    23
  Dodge: Dodged            |     5 |    11 |    33 |    11 ||    60
  Block: Buckler           |       |       |       |     2 ||     2

Table legend: (Time is in decaauts)
 A = Elapsed time spent in this place.
 B = Non-inter-level travel time spent in this place.
 C = Inter-level travel time spent in this place.
 D = Time resting spent in this place.
 E = Time spent auto-exploring this place.
 F = Levels seen in this place.
 G = Mean time per level.
                   A        B        C        D        E       F      G
               +--------+--------+--------+--------+--------+-----+--------+
         Total |   9178 |   8859 |    319 |    233 |   7382 |  10 |  917.8 |
       Dungeon |   8915 |   8616 |    299 |    233 |   7214 |   9 |  990.6 |
        Temple |    263 |    243 |     20 |      0 |    168 |   1 |  263.0 |
               +--------+--------+--------+--------+--------+-----+--------+

Top non-repeatable levels by time:
     D:8: 1566 daAuts
     D:3: 1318 daAuts
     D:7: 1297 daAuts
     D:1: 1296 daAuts
     D:5: 968 daAuts
     D:6: 965 daAuts
     D:2: 926 daAuts
     D:4: 517 daAuts
  Temple: 263 daAuts
     D:9: 59 daAuts
